 Dungeon Crawl Stone Soup version 0.17.1-1-g73c8601 (webtiles) character file.

7 Miyamura the Insei (level 2, -6/14 HPs)
             Began as a Vine Stalker Transmuter on Jan 3, 2016.
             Killed from afar by Aviak's ghost (20 damage)
             ... with a stone arrow
             ... on level 3 of the Dungeon.
             The game lasted 00:02:23 (276 turns).

Miyamura the Insei (Vine Stalker Transmuter)         Turns: 276, Time: 00:02:23

Health: -6/14      AC:  2    Str: 12    XL:     2   Next: 4%
Magic:  0/6        EV: 12    Int: 13    God:
Gold:   12         SH:  0    Dex: 14    Spells: 1 memorised, 4 levels left

rFire  . . .     SeeInvis .       - Unarmed
rCold  . . .     Clarity  .     b - +0 robe
rNeg   . . .     SustAt   .     (no shield)
rPois  .         Gourm    .     (no helmet)
rElec  .         Spirit   +     (no cloak)
rCorr  .         Warding  .     (no gloves)
rMut   .         Stasis   .     (no boots)
MR     .....                    (no amulet)
Stlth  ++........               (no ring)
                                (no ring)

@: not resistant to hostile enchantments, unstealthy
A: fangs 2, regeneration 1, magic shield, antimagic bite, no device heal 3, rot
immunity
a: no special abilities


You were on level 3 of the Dungeon.
You were not hungry.

You visited 1 branch of the dungeon, and saw 3 of its levels.

You collected 12 gold pieces.

Inventory:

Missiles
 a - 12 arrows
Armour
 b - a +0 robe (worn)
Jewellery
 e - an uncursed amulet of stasis {unknown}
Books
 c - a book of Changes

   Spells                             Type                      Level
   a - Beastly Appendage              Transmutation                1
   b - Sticks to Snakes               Transmutation                2
   c - Spider Form                    Transmutation/Poison         3
   d - Ice Form                       Ice/Transmutation            4
   e - Blade Hands                    Transmutation                5
Comestibles
 d - a bread ration
 f - a chunk of flesh
 g - a beef jerky


   Skills:
 + Level 1.0 Fighting
 + Level 1.6 Dodging
 + Level 0.6 Stealth
 + Level 3.0 Unarmed Combat
 + Level 2.3 Spellcasting
 + Level 2.2 Transmutations


You had 4 spell levels left.
You knew the following spells:

 Your Spells              Type           Power        Failure   Level  Hunger
a - Beastly Appendage     Trmt           #.....       12%         1    #......


Dungeon Overview and Level Annotations

Branches:
Dungeon (3/15)

Altars:

Annotations:
D:2 Natasha
D:3 Aviak's ghost, amateur GrEE


Innate Abilities, Weirdness & Mutations

You have extremely sharp teeth.
Your natural rate of healing is unusually fast.
When hurt, damage is shared between your health and your magic reserves.
Your bite disrupts and absorbs the magic of your enemies.
Potions and wands cannot restore your health.
You are immune to rotting.


Message History

The kobold shouts!
You closely miss the kobold. The kobold closely misses you.
You hit the kobold. Your bite misses the kobold.
The kobold is heavily wounded.
The kobold barely misses you.
You hit the kobold.
You kill the kobold!
Your Fighting skill increases to level 1!
You have reached level 2!
You start resting.
HP restored.
Aviak's ghost (amateur Gargoyle Earth Elementalist) comes into view.
It is wielding a weapon of flaming.
Aviak's ghost turns its malevolent gaze towards you.
Press: ? - help, v - describe, . - travel
Here: Aviak's ghost, wielding a weapon of flaming The floor.
Aviak's ghost casts a spell at you. The stone arrow hits you!
Ouch! That really hurt!
You die...

#.#)########.###.# ..
#................#
...
###.#######...####
...### #.# #...#
.....###.# #...#
......W.#######...# .
..#...............#
....#....########.#.#
.........@..# #.#.#
....#....##.# #.#.# .
. #######.# #.#.# #.#
#.#.# #.# #.#.# #.#
.#.# ###.#####.#.#
#...(.....#.#
#.#.......#.#


You could see Aviak's ghost.

Vanquished Creatures
  A giant gecko (D:3)
  A giant cockroach (D:1)
  A hobgoblin (D:3)
  A kobold (D:3)
  A bat (D:1)
  A giant newt (D:3)
6 creatures vanquished.

Notes
Turn   | Place    | Note
--------------------------------------------------------------
     0 | D:1      | Miyamura the Vine Stalker Transmuter began the quest for the Orb.
     0 | D:1      | Reached XP level 1. HP: 9/9 MP: 4/4
    19 | D:1      | You fall through a shaft!
    31 | D:2      | Noticed Natasha
   258 | D:3      | Reached skill level 1 in Fighting
   258 | D:3      | Reached XP level 2. HP: 12/14 MP: 6/6
   273 | D:3      | Noticed Aviak's ghost (amateur GrEE)
   276 | D:3      | Killed from afar by Aviak's ghost

Action                   || total
-------------------------++-------
Melee: Unarmed           ||    14
 Cast: Beastly Appendage ||     3
 Stab: Sleeping          ||     1
